 Dungeon Crawl Stone Soup version 0.25.0-8-gfd19cd77bd (console) character file.

Game seed: 6628717466673139551

3721 Kagalorn the Cleaver (level 10, -1/58 (59) HPs)
             Began as a Tengu Ice Elementalist on June 16, 2020.
             Was an Initiate of Ashenzari.
             Slain by a porcupine (12 damage)
             ... on level 7 of the Dungeon.
             The game lasted 00:29:14 (11029 turns).

Kagalorn the Cleaver (Tengu Ice Elementalist)      Turns: 11029, Time: 00:29:15

HP:   -1/58 (59)    AC:  9    Str: 10    XL:     10   Next: 14%
MP:   16/20         EV: 12    Int: 17    God:    Ashenzari [......]
Gold: 508           SH:  0    Dex: 15    Spells: 13/21 levels left

rFire    + . .     SeeInvis .   a - +2 broad axe (vorpal)
rCold    . . .     Gourm    .   (no shield)
rNeg     . . .     Faith    .   P - +0 swamp dragon scales
rPois    +         Spirit   .   (helmet restricted)
rElec    .         Reflect  .   F - +0 cloak (curse)
rCorr    .         Harm     .   A - +0 pair of gloves
MR       .....                  (boots unavailable)
Stlth    +.........             (no amulet)
HPRegen  0.19/turn              L - ring of fire
MPRegen  0.17/turn              x - ring of protection from cold

@: frozen ramparts, flying quickly and evasively, lightly drained, quick
A: beak, talons 3, able to fly
a: Stop Flying, Curse Item, Renounce Religion


You were on level 7 of the Dungeon.
You worshipped Ashenzari.
Ashenzari was noncommittal.
You were not hungry.

You visited 2 branches of the dungeon, and saw 9 of its levels.
You also visited: Sewer.

You collected 508 gold pieces.

Inventory:

Hand Weapons
 a - a +2 vorpal broad axe (weapon)
 b - a +4 vampiric spear
Missiles
 f - 61 bolts
 h - 141 stones
 n - 114 arrows
 z - 17 poisoned darts (quivered)
 B - 5 javelins
 E - 84 sling bullets
Armour
 t - a +3 leather armour of cold resistance
 A - a +0 pair of gloves (worn)
 F - a cursed +0 cloak (worn)
 G - a +0 kite shield
 P - +0 swamp dragon scales (worn)
Magical Staves
 D - an uncursed staff of conjuration
Jewellery
 o - an uncursed ring of resist corrosion
 x - a ring of protection from cold (right hand)
 L - a ring of fire (left hand)
Wands
 I - a wand of acid (7)
 M - a wand of flame (38)
Scrolls
 e - 2 scrolls of fog {unknown}
 j - a scroll of enchant armour {unknown}
 k - a scroll of magic mapping {unknown}
 l - a scroll of remove curse
 q - 4 scrolls of teleportation
 s - 2 scrolls of amnesia {unknown}
 u - a scroll of noise {unknown}
 w - a scroll of fear {unknown}
 y - 2 scrolls of blinking {unknown}
 C - 2 scrolls of vulnerability {unknown}
 J - a scroll of enchant weapon
 O - a scroll of silence {unknown}
Potions
 d - 5 potions of brilliance
 g - 5 potions of curing
 i - a potion of degeneration {unknown}
 m - 2 potions of haste
 p - 2 potions of invisibility
 r - 2 potions of heal wounds
 H - 2 potions of lignification
 K - a potion of berserk rage
Comestibles
 c - 7 rations


   Skills:
 - Level 5.0(4.4) Fighting
 + Level 8.3(7.6) Axes
 - Level 2.1(1.6) Dodging
 - Level 2.0(1.4) Stealth
 + Level 6.4(5.8) Spellcasting
 * Level 4.2(3.6) Summonings
 - Level 8.0(7.3) Ice Magic


You had 13 spell levels left.
You knew the following spells:

 Your Spells              Type           Power        Failure   Level  Hunger
a - Freeze                Ice            ####         1%          1    None
b - Frozen Ramparts       Ice            ####..       4%          3    ##.....
c - Summon Ice Beast      Ice/Summ       ###.....     34%         4    ####...

Your spell library contained the following spells:

 Spells                   Type           Power        Failure   Level  Hunger
 Ozocubu's Armour         Chrm/Ice       ###.....     22%         3    ##.....
 Sting                    Tmut/Pois      #...         34%         1    None
 Hailstorm                Conj/Ice       ###.....     58%         4    ####...


Dungeon Overview and Level Annotations

Branches:
Dungeon (8/15)             Temple (1/1) D:7            Lair (0/6) D:8
  Sewer (visited)

Altars:
Ashenzari
Cheibriados
Dithmenos
Elyvilon
Fedhas
Gozag
Hepliaklqana
Kikubaaqudgha
Makhleb
Nemelex Xobeh
Okawaru
Qazlal
Sif Muna
Trog
Uskayaw
Vehumet
Wu Jian
Xom
Zin
The Shining One

Shops:
D:5 }

Annotations:
D:3 1 transporter, Froggeryz's ghost, amateur GrMo
D:8 Erica


Innate Abilities, Weirdness & Mutations

You have a beak for a mouth.
You have claws for feet.
You can fly continuously.


Message History

The floor.
Casting: Frozen Ramparts (dangerous; 4% risk of failure)
Confirm with . or Enter, or press ? or * to list all spells.
The walls around you are covered in ice.
The wall freezes the hell rat.
The hell rat closely misses you.
The wall freezes the porcupine.
The porcupine misses you.
The wall freezes the hell rat.
The wall freezes the porcupine.
The wall freezes the hell rat.
The hell rat bites you!
* * * LOW HITPOINT WARNING * * *
Casting: Frozen Ramparts (dangerous; 4% risk of failure)
Confirm with . or Enter, or press ? or * to list all spells.
Aiming: Freeze (safe; 1% risk of failure)
Press: ? - help, Shift-Dir - straight line, f - hell rat
Aim: a hell rat (almost dead)
You freeze the hell rat.
You kill the hell rat!
The wall freezes the porcupine.
The porcupine bites you.
* * * LOW HITPOINT WARNING * * *
The wall freezes the porcupine.
The porcupine bites you!
You die...

.)#
##.......###..#
#......... ..#
##.....###...#
##........ ..##
##..#####..##
##........ #[.##
##..###...#
#.........
#.<.##
##......##
#....#####
##...## ##....##
##...# # ##...##
#....# ##..# #
###..## ##....##
#..##
##..####....@.##
##..#
##..##...###r.##
#..## ##.....##
##..## ##..##
##...## ##..##
##..## #####
##..## ##..#
##..# ##.# ##.#
##. ##.# ## #..#
#


You could see a porcupine.

Vanquished Creatures
  A death yak (D:7)
  Joseph (D:7)
  Maggie (D:7)
  Duvessa (D:7)
  Purgy (Sewer)
  4 orc warriors
  2 sky beasts
  A necrophage (D:6)
  An ogre (D:5)
  A centaur (D:6)
  A gnoll sergeant (D:6)
  A bullfrog (D:7)
  4 scorpions
  Dowan (D:7)
  4 wights
  A crimson imp (D:7)
  2 hounds (D:7)
  2 jellies
  4 orc priests
  9 orc wizards
  4 iguanas
  A hell rat (D:7)
  A worker ant (D:7)
  2 hound zombies (D:6)
  5 adders
  5 gnolls
  A river rat (D:4)
  2 shadow imps
  An ooze (D:7)
  An adder zombie (D:6)
  An adder skeleton (D:5)
  A worm (D:4)
  A dart slug (D:5)
  4 leopard geckos
  26 orcs
  12 bats
  6 giant cockroaches
  8 goblins
  6 hobgoblins
  7 jackals
  A quokka (D:5)
  3 frilled lizards
  2 kobolds
  A leopard gecko skeleton (D:7)
  A quokka zombie (D:7)
  9 rats
155 creatures vanquished.

Notes
Turn   | Place    | Note
-------+----------+-------------------------------------------
     0 | D:1      | Kagalorn the Tengu Ice Elementalist began the quest for the
                  | Orb.
     0 | D:1      | Reached XP level 1. HP: 10/10 MP: 4/4
   213 | D:1      | Reached XP level 2. HP: 12/15 MP: 1/6
   564 | D:1      | You fall into a shaft and drop 1 floor!
  1202 | D:2      | Reached XP level 3. HP: 14/19 MP: 3/7
  1422 | D:2      | Found an ornate altar of the Wu Jian Council.
  1452 | D:2      | Learned a level 3 spell: Frozen Ramparts
  2564 | D:3      | Reached skill level 5 in Ice Magic
  2564 | D:3      | Reached XP level 4. HP: 17/24 MP: 2/8
  2678 | D:3      | Found a shimmering altar of Xom.
  2763 | D:3      | Found a shimmering blue altar of Sif Muna.
  2790 | D:3      | Found a transporter.
  2791 | D:3      | Noticed Froggeryz's ghost (amateur GrMo)
  2792 | D:3      | Noticed an ogre
  2887 | D:3      | Found a glowing silver altar of Zin.
  2888 | D:3      | Found a snail-covered altar of Cheibriados.
  3580 | D:3      | Gained mutation: You can fly continuously. [Tengu growth]
  3580 | D:3      | Reached XP level 5. HP: 20/28 MP: 1/9
  3598 | D:3      | Identified Sif Muna's Guide on Toxins
  4009 | D:4      | Found a glowing drain.
  4039 | Sewer    | Entered a sewer
  4103 | Sewer    | Noticed Purgy
  4120 | Sewer    | Killed Purgy
  4120 | Sewer    | Reached XP level 6. HP: 4/32 MP: 0/10
  5081 | D:5      | Entered Level 5 of the Dungeon
  5081 | D:5      | Noticed a sky beast
  5118 | D:5      | Reached XP level 7. HP: 34/36 MP: 8/11
  5403 | D:5      | Found an opulent altar of Gozag.
  5471 | D:5      | Found a white marble altar of Elyvilon.
  5509 | D:5      | Found a blossoming altar of Fedhas.
  5514 | D:5      | Found Boddomny's Gadget Shop.
  5551 | D:5      | Reached skill level 1 in Fighting
  5649 | D:5      | Found a stormy altar of Qazlal.
  6339 | D:5      | Reached XP level 8. HP: 41/45 MP: 6/14
  6912 | D:6      | Reached skill level 1 in Axes
  7508 | D:6      | Reached skill level 5 in Spellcasting
  7757 | D:6      | Reached XP level 9. HP: 52/52 MP: 14/17
  7894 | D:7      | Reached skill level 5 in Fighting
  8084 | D:7      | Found a staircase to the Ecumenical Temple.
  8106 | Temple   | Entered the Ecumenical Temple
  8334 | Temple   | Became a worshipper of Ashenzari the Shackled
  8871 | D:7      | Noticed Joseph
  8894 | D:7      | Killed Joseph
  8894 | D:7      | Reached skill level 5 in Axes
  9052 | D:7      | Noticed Maggie
 10212 | D:7      | Killed Maggie
 10470 | D:7      | Learned a level 4 spell: Summon Ice Beast
 10706 | D:7      | Noticed Duvessa
 10706 | D:7      | Noticed Dowan
 10721 | D:7      | Killed Dowan
 10722 | D:7      | Killed Duvessa
 10722 | D:7      | Reached skill level 1 in Summonings
 10873 | D:8      | Noticed Erica
 10914 | D:8      | Noticed a death yak
 10915 | D:8      | Noticed a death yak
 10916 | D:8      | Found a staircase to the Lair.
 10984 | D:7      | Killed a death yak
 10984 | D:7      | Reached XP level 10. HP: 45/58 MP: 13/20
 11029 | D:7      | Slain by a porcupine

Illustrated notes

Levels and vault maps discovered:
D:1:      elethiomel_arrival_infinity_welcomes_careful_drivers,
          layout_loops_corners
D:2:      layout_loops_corners, nicolae_overflow_crystal_walls
D:3:      layout_rooms, gammafunk_temple_overflow_statue, led_sif_book,
          gammafunk_ghost_smash, first_ration, xom_teletrap_fun
D:4:      layout_gridville, portal_sewer_entry_b
D:5:      layout_rooms, grunt_temple_overflow_forces_of_nature,
          elyvilon_altar_3, serial_shops, shop,
          nicolae_gozag_cash_rules_everything_around_me
D:6:      layout_loops_ring, chequers_arboretum, lightli_minifort
D:7:      layout_layer_cave, minmay_temple_entry_proselytizer, uniq_joseph,
          uniq_duvessa, uniq_maggie
D:8:      layout_loops_cross, dpeg_lair_monsters, serial_shops, shop, uniq_erica
Temple:   oiseaux_autumnal_temple

Skill      XL: |  1  2  3  4  5  6  7  8  9 |
---------------+----------------------------+-----
Ice Magic      | 4 5 6 7 8 |  8.0
Fighting       | 2 4 5 |  5.0
Spellcasting   | 3 5 6 |  6.4
Axes           | 3 8 |  8.3
Summonings     | 4 |  4.2
Dodging        | |  2.1
Stealth        | |  2.0

Action                   |  1- 3 |  4- 6 |  7- 9 | 10-12 || total
-------------------------+-------+-------+-------+-------++-------
Melee: Unarmed           |    10 |       |       |       ||    10
       Kick              |     2 |     3 |    22 |       ||    27
       Peck              |     1 |       |    19 |       ||    20
       Short sword       |       |    14 |    26 |       ||    40
       Spear             |       |       |    76 |       ||    76
       Broad axe         |       |       |     3 |       ||     3
Throw: Stone             |     3 |       |       |       ||     3
       Javelin           |     2 |     2 |       |       ||     4
       Dart              |       |     1 |    20 |       ||    21
 Cast: Freeze            |    60 |    37 |    78 |     1 ||   176
       Frozen Ramparts   |     1 |    12 |    34 |     1 ||    48
 Abil: Fly               |       |     1 |       |       ||     1
Evoke: Wand              |       |       |     4 |       ||     4
  Use: Scroll            |       |       |    12 |       ||    12
 Stab: Sleeping          |       |     1 |     3 |       ||     4
  Eat: Chunk             |     6 |     5 |    16 |       ||    27
       Ration            |       |     1 |     2 |       ||     3
Armor: Robe              |    14 |     9 |    27 |       ||    50
       Swamp dragon scal |       |       |     1 |       ||     1
Dodge: Dodged            |    38 |    36 |   141 |     4 ||   219
